 Dungeon Crawl Stone Soup version 0.17.0-23-g0de4337 (console) character file.

16 gw the Skirmisher (level 2, 0/24 HPs)
             Began as a Formicid Abyssal Knight on Nov 13, 2015.
             Was a Follower of Lugonu.
             Slain by a giant newt (1 damage)
             ... on level 1 of the Dungeon.
             The game lasted 00:01:37 (944 turns).

gw the Skirmisher (Formicid Abyssal Knight)          Turns: 944, Time: 00:01:37

Health: 0/24       AC:  3    Str: 16    XL:     2   Next: 75%
Magic:  3/3        EV: 11    Int: 11    God:    Lugonu [*.....]
Gold:   10         SH:  0    Dex: 10    Spells: 0 memorised, 1 level left

rFire  . . .     SeeInvis +     a - +1 falchion
rCold  . . .     Clarity  .     b - +0 leather armour
rNeg   . . .     SustAt   .     (no shield)
rPois  .         Gourm    .     (helmet unavailable)
rElec  .         Spirit   .     (no cloak)
rCorr  .         Warding  .     (no gloves)
rMut   .         Stasis   +     (no boots)
MR     .....                    (no amulet)
Stlth  +.........               (no ring)
                                (no ring)

@: not resistant to hostile enchantments, very unstealthy
A: permanent stasis, dig shafts and tunnels, four strong arms, antennae 3
a: Dig, Shaft Self, Depart the Abyss, Renounce Religion


You were on level 1 of the Dungeon.
You worshipped Lugonu.
Lugonu was aware of your devotion.
You were not hungry.

You visited 1 branch of the dungeon, and saw 1 of its levels.
You visited the Abyss 1 time.

You collected 10 gold pieces.

Inventory:

Hand Weapons
 a - a +1 falchion (weapon)
Missiles
 f - 42 stones (quivered)
Armour
 b - a +0 leather armour (worn)
Scrolls
 d - a scroll of enchant weapon {unknown}
 e - a scroll of magic mapping {unknown}
 g - a scroll of amnesia {unknown}
 i - 2 scrolls of identify {unknown}
 m - a scroll of fear {unknown}
Potions
 h - a potion of might {unknown}
 j - a potion of curing {unknown}
 k - a potion of brilliance {unknown}
 l - a potion of heal wounds {unknown}
Comestibles
 c - 2 bread rations


   Skills:
 + Level 3.4 Fighting
 * Level 2.4 Long Blades
 + Level 0.5 Throwing
 + Level 2.3 Armour
 - Level 0.8 Dodging
 + Level 2.3 Invocations


You had one spell level left.
You didn't know any spells.

Dungeon Overview and Level Annotations

Branches:
Dungeon (1/15)

Altars:


Innate Abilities, Weirdness & Mutations

You are under a permanent stasis effect.
You can dig through walls and to a lower floor.
Your four strong arms can wield two-handed weapons with a shield.
You have a pair of large antennae on your head (SInv).


Message History

The bat hits you but does no damage. The bat barely misses you.
The hobgoblin hits you.
ATTACK MOVE TO (-1,-1)
You hit the hobgoblin.
You kill the hobgoblin!
Lugonu accepts your kill. The bat hits you. The bat closely misses you.
The bat hits you but does no damage. The giant newt barely misses you.
The bat barely misses you.
ATTACK MOVE TO (0,1)
Your unstable footing causes you to fumble your attack.
The bat closely misses you. The bat hits you but does no damage.
The giant newt bites you but does no damage.
The bat hits you but does no damage.
The giant newt hisses menacingly.
The giant newt bites you but does no damage.
ATTACK MOVE TO (0,1)
You closely miss the giant newt. The bat hits you. The bat barely misses you.
The giant newt bites you.
You die...

#.......#. #.......#. #.........
.. ####### #.......## ..#
#.....############.##.... ....
#.....#............##..## .....
#.....#.~~~~.~~~~~.##..#
.....####......%~~~~.~~~~~.....##
................a~b~.~~~~~......>
##............#.lb~~.~~~~~.....#.
................~~~~...(.........
##.........####.......~~~~.......
####.....># #.~~~~~.~~~~..#....
#........ #.~~~~~.~~~~....##.
#........##.~~~~~.~~~~..####.
####!....#..~~~~~.~~~~.......
#.....#.............(#####


You could see 2 bats and a giant newt.

Table legend:
 A = Turns spent in this place as a percentage of turns spent in the entire game.
 B = Non-inter-level travel turns spent in this place as a percentage of non-inter-level travel turns spent in the entire game.
 C = Inter-level travel turns spent in this place as a percentage of turns spent in this place.
 D = Turns resting spent in this place as a percentage of non-inter-level travel turns spent in this place.
 E = Turns spent auto-exploring this place as a percentage of non-inter-level travel turns spent in this place.
 F = Non-inter-level travel turns spent in this place divided by the number of levels of this place that you've seen.
                   A       B       C       D       E      F
               +-------+-------+-------+-------+-------+----------------------
         Total | 100.0 | 100.0 |   0.0 |   1.3 |   3.4 | 639.5
       Dungeon |  92.2 |  92.2 |   0.0 |   1.4 |   3.1 | 1179.0
         Abyss |   7.8 |   7.8 |   0.0 |   0.0 |   8.0 | 100.0
               +-------+-------+-------+-------+-------+----------------------

Table legend:
 A = Kills in this place as a percentage of kills in entire the game.
 B = Kills by you in this place as a percentage of kills by you in the entire game.
 C = Kills by friends in this place as a percentage of kills by friends in the entire game.
 D = Other kills in this place as a percentage of other kills in the entire game.
 E = Experience gained in this place as a percentage of experience gained in the entire game.
 F = Experience gained in this place divided by the number of levels of this place that you have seen.
                   A       B       C       D       E      F
               +-------+-------+-------+-------+-------+----------------------
         Total | 100.0 | 100.0 |  -nan |  -nan | 100.0 |  12.0
       Dungeon | 100.0 | 100.0 |  -nan |  -nan | 100.0 |  24.0
               +-------+-------+-------+-------+-------+----------------------

Vanquished Creatures
  2 goblins (D:1)
  2 hobgoblins (D:1)
  2 kobolds (D:1)
  6 bats (D:1)
  A giant newt (D:1)
  2 rats (D:1)
15 creatures vanquished.

Notes
Turn   | Place    | Note
--------------------------------------------------------------
     0 | Abyss:1  | gw the Formicid Abyssal Knight began the quest for the Orb.
     0 | Abyss:1  | Reached XP level 1. HP: 18/18 MP: 2/2
     0 | Abyss:1  | Found a corrupted altar of Lugonu.
    87 | Abyss:1  | Noticed a crimson imp
    87 | D:1      | Escaped the Abyss
   444 | D:1      | Reached XP level 2. HP: 13/24 MP: 3/3
   840 | D:1      | Reached * piety under Lugonu
   944 | D:1      | HP: 1/24 [bat (1)]
   944 | D:1      | Slain by a giant newt

Action                   || total
-------------------------++-------
Melee: Falchion          ||    52
Throw: Stone             ||    41
Invok: Depart the Abyss  ||     1

Vault maps used:
D:1:      dpeg_arrival_stone_temple_mockup, minivault_14
Abyss:1:  hangedman_illusive_loot, minivault_27
